 Dungeon Crawl Stone Soup version 0.30.1-11-g7821555f0a (webtiles) character file.

Game seed: 7075011467460960336

203 Ijustatesigmund the Digger (level 5, -1/43 HPs)
             Began as a Gargoyle Earth Elementalist on Nov 16, 2023.
             Was an Initiate of Cheibriados.
             Slain by Edmund
             ... wielding a +3 flail of protection
              (3 damage)
             ... on level 4 of the Dungeon.
             The game lasted 00:07:19 (3279 turns).

Ijustatesigmund the Digger (GrEE)                   Turns: 3279, Time: 00:07:19

Health: -1/43      AC:  7    Str: 13    XL:     5   Next: 81%
Magic:  7/9        EV: 12    Int: 22    God:    Cheibriados [......]
Gold:   4          SH:  0    Dex: 11    Spells: 6/10 levels left

rFire   x . .        v - +3 war axe of the Slime-mould {pain, rF- Int+4}
rCold   . . .        (no shield)
rNeg    + . .        a - +0 robe
rPois   ∞            (no helmet)
rElec   +            (no cloak)
rCorr   .            h - +0 pair of gloves
SInv    .            (no boots)
Will    .....        (no amulet) Stlth
                     (no ring)
HPRegen 0.27/turn    (no ring)
MPRegen 0.11/turn

%: no passive effects
@: berserking (expiring), very slow
A: sickness immunity, AC +4, negative energy resistance 1, electricity
resistance, torment resistance 1, petrification resistance
a: Renounce Religion


You were on level 4 of the Dungeon.
You worshipped Cheibriados.
Cheibriados was noncommittal.
You visited 1 branch of the dungeon, and saw 4 of its levels.

You collected 195 gold pieces.
You spent 191 gold pieces at shops.

Inventory:

Hand Weapons
 d - a +0 flail
 v - the +3 war axe of the Slime-mould (weapon) {pain, rF- Int+4}
   (You bought it in a shop on level 3 of the Dungeon)

   Int:       It affects your intelligence (+4).
   rF:        It makes you vulnerable to fire.
Armour
 a - a +0 robe (worn)
 h - a +0 pair of gloves (worn)
Jewellery
 n - a ring of protection from cold
Wands
 r - a wand of paralysis (10)
Scrolls
 e - 2 scrolls of vulnerability {unknown}
 f - a scroll of amnesia {unknown}
 g - 2 scrolls of fog {unknown}
 i - a scroll of fear {unknown}
 j - a scroll of blinking {unknown}
 l - 3 scrolls of teleportation
 o - 2 scrolls of poison {unknown}
 q - a scroll of enchant weapon {unknown}
 s - a scroll of silence {unknown}
Potions
 b - a potion of magic
 c - a potion of attraction
 k - a potion of lignification
 m - a potion of haste
 u - a potion of flight {unknown}


   Skills:
 - Level 1.5 Fighting
 + Level 0.4 Maces & Flails
 - Level 1.5 Dodging
 - Level 2.1 Stealth
 + Level 3.2 Spellcasting
 * Level 3.1 Conjurations
 - Level 0.7 Transmutations
 + Level 5.0 Earth Magic
 + Level 0.4 Invocations


You had 6 spell levels left.
You knew the following spells:

 Your Spells              Type           Power      Damage    Failure   Level
a - Sandblast             Erth           50%        2d12      1%          1
b - Stone Arrow           Conj/Erth      42%        3d9       7%          3

Your spell library contained the following spells:

 Spells                   Type           Power      Damage    Failure   Level
 Passwall                 Tmut/Erth      13%        N/A       6%          2
 Petrify                  Tmut/Erth      16%        N/A       36%         4


Dungeon Overview and Level Annotations

Branches:
Dungeon (4/15)
 Temple: D:4-7

Altars:
Cheibriados
Elyvilon
Fedhas
Trog
Wu Jian
Zin
The Shining One

Shops:
D:2 (   D:3 [(?!

Annotations:
D:3 2 transporters
D:4 Edmund


Innate Abilities, Weirdness & Mutations

You are immune to sickness and miasma.
Your stone body is resilient. (AC +4)
You are immune to poison.
You resist negative energy. (rN+)
You are resistant to electric shocks. (rElec)
You are resistant to unholy torment.
You are immune to petrification.


Message History

[Y]es or [N]o only, please.
The spell is quite dangerous to miscast (7% risk of failure)!
Continue anyway? [Y]es or [N]o only, please.
The spell is quite dangerous to miscast (7% risk of failure)!
Continue anyway? [Y]es or [N]o only, please.
The spell is quite dangerous to miscast (7% risk of failure)!
Continue anyway?
Aiming: Stone Arrow (quite dangerous; 7% risk of failure)
Press: ? - help, Shift-Dir - straight line, f - Edmund
Aim: Edmund, wielding a +3 flail of protection and wearing a +0 ring mail (75% to hit)
The stone arrow misses Edmund.
Edmund hits you with a +3 flail of protection.
You slash Edmund!
Edmund is lightly wounded.
Edmund hits you with a +3 flail of protection.
You hit Edmund.
Edmund is moderately wounded.
Edmund hits you with a +3 flail of protection.
Edmund hits you with a +3 flail of protection!
You feel much better.
Edmund hits you with a +3 flail of protection.
A red film seems to cover your vision as you go berserk!
Cheibriados forces you to slow down.
You feel mighty! Edmund closely misses you.
You slash Edmund!
Edmund is heavily wounded.
Edmund hits you with a +3 flail of protection!
You hit Edmund.
Edmund is heavily wounded.
Edmund hits you with a +3 flail of protection!
Edmund barely misses you.
You hit Edmund.
Edmund is heavily wounded.
Edmund hits you with a +3 flail of protection!
* * * LOW HITPOINT WARNING * * *
You closely miss Edmund.
Edmund is heavily wounded.
Edmund hits you with a +3 flail of protection.
* * * LOW HITPOINT WARNING * * *
Edmund hits you with a +3 flail of protection.
You die...

########## #.......<#
#.######## #.# #.# # #.#
#.########.##
#.g@.##.....####
#@##........#
..###########.##.....##.#
#...........>#########.#
~~..###.####..#########.###
# #...# #...........).#<#
#####[###.......#######.#
#.......#...###.#...# #.#
#.......#....#......###.#
#.......'.#..####.......#


You could see Edmund and a hobgoblin.

Vanquished Creatures
  5 gnolls
  7 adders
  A worm (D:3)
  2 dart slugs
  5 orcs
  2 ball pythons
  7 bats
  7 endoplasms
  2 giant cockroaches (D:3)
  7 goblins
  9 hobgoblins
  4 jackals (D:2)
  5 quokkas
  4 frilled lizards
  7 kobolds
  4 rats
78 creatures vanquished.

Notes
Turn   | Place    | Note
-------+----------+-------------------------------------------
     0 | D:1      | Ijustatesigmund the Gargoyle Earth Elementalist began the
                  | quest for the Orb.
     0 | D:1      | Reached XP level 1. HP: 10/10 MP: 3/3
   360 | D:1      | Reached XP level 2. HP: 16/16 MP: 1/5
   449 | D:1      | Reached skill level 1 in Fighting
   691 | D:1      | Reached skill level 4 in Earth Magic
  1031 | D:1      | Found a faded altar of an unknown god.
  1147 | D:2      | Reached XP level 3. HP: 20/20 MP: 4/6
  1181 | D:2      | Learned a level 3 spell: Stone Arrow
  1279 | D:2      | Reached skill level 1 in Conjurations
  1405 | D:2      | Reached XP level 4. HP: 25/25 MP: 5/8
  1612 | D:2      | Found Racsogorgh's Weapon Shop.
  1871 | D:3      | Found Qugourghi's Magic Scroll Shoppe.
  1887 | D:3      | Found a transporter.
  1891 | D:3      | Bought a scroll of teleportation for 33 gold pieces
  1891 | D:3      | Bought a scroll of identify for 22 gold pieces
  1904 | D:3      | Found Qestrout's Antique Armour Boutique.
  1909 | D:3      | Found Badain's Antique Weapon Boutique.
  1951 | D:3      | Reached XP level 5. HP: 17/29 MP: 5/9
  2061 | D:3      | Found an ornate altar of the Wu Jian Council.
  2183 | D:3      | Found a glowing golden altar of the Shining One.
  2183 | D:3      | Found a white marble altar of Elyvilon.
  2183 | D:3      | Found a glowing silver altar of Zin.
  2230 | D:3      | Found a transporter.
  2235 | D:3      | Found Tipogut's Distillery.
  2604 | D:3      | Found a snail-covered altar of Cheibriados.
  2612 | D:3      | Became a worshipper of Cheibriados the Contemplative
  2696 | D:3      | Found a blossoming altar of Fedhas.
  2805 | D:3      | Found a bloodstained altar of Trog.
  3129 | D:4      | Reached skill level 5 in Earth Magic
  3249 | D:3      | Bought a brightly glowing war axe for 136 gold pieces
  3249 | D:3      | Identified the +3 war axe of the Slime-mould {pain, rF-
                  | Int+4} (You bought it in a shop on level 3 of the Dungeon)
  3270 | D:4      | Noticed Edmund
  3279 | D:4      | HP: 2/43 [Edmund/+3 flail of protection (5)]
  3279 | D:4      | Slain by Edmund

Illustrated notes

Levels and vault maps discovered:
D:1:      amcnicky_arrival_wind_blow, layout_loops_ring,
          hellmonk_ecumenical_altar_prayer_group
D:2:      layout_rooms, serial_shops, nicolae_shop_bloodbath_and_beyond
D:3:      layout_rooms, dreamdust_divine_triumvirate, amcnicky_altar_gilded,
          mainiacjoe_overflow_boulevard, trog_hazing_becter,
          mainiacjoe_overflow_six_doors_small, serial_shops,
          nicolae_shop_drivethru, shop, nicolae_diamond_shop, shop, minmay_puff
D:4:      layout_basic, nicolae_dithmenos_shadow_blocks, temple_doors_ab,
          chequers_serial_rivers_large_b, pf_guarded_unrand_delatra,
          uniq_duvessa, uniq_ijyb, uniq_edmund

Skill      XL: |  1  2  3  4  5 |
---------------+----------------+-----
Fighting       | 1 |  1.5
Earth Magic    | 4 5 |  5.0
Conjurations   | 1 2 3 |  3.1
Spellcasting   | 3 |  3.2
Maces & Flails | |  0.4
Dodging        | |  1.5
Stealth        | |  2.1
Transmutations | |  0.7
Invocations    | |  0.4

Action                     |  1- 3 |  4- 6 || total
---------------------------+-------+-------++-------
  Melee: Unarmed           |     2 |       ||     2
         Whip              |    22 |    23 ||    45
         War axe           |       |     6 ||     6
         Flail             |       |     2 ||     2
   Cast: Sandblast         |    42 |    66 ||   108
         Stone Arrow       |       |     3 ||     3
    Use: Scroll            |       |     6 ||     6
         Potion            |       |     3 ||     3
 Armour: Robe              |    11 |    18 ||    29
  Dodge: Dodged            |    26 |    42 ||    68
